AoeStats
← jurjur.mobile

Baltic

510357512Analyzed
2v2 RM · 2d ago on Sep 30, 2026· 50m 55s· 4 players
Game mode
Random Map
Map size
Medium (4 player)
Population
200
Speed
Normal
Resources
Standard
Victory
Conquest
Starting age
Dark Age
Ending age
Imperial Age
RankedLock teamsTeams togetherTeam positionsShared explorationLock speedFull tech treeHidden civsTurbo modeCheats
Victory
Defeat
🇪🇸 Vikings · Spain
867
+12
🇪🇸 Bulgarians · Spain
733
+17
🇺🇸 Danes · United States
772
-15
🇨🇭 Teutons · Switzerland
757
-14
omi_omar
1:05 Loom
11:29 Feudal Age
12:05 Double-Bit Axe
12:03 Horse Collar
15:59 Fishing Lines
18:44 Gold Mining
21:12 Castle Age
22:18 Medium Warships
Raidho
0:29 Loom
13:49 Feudal Age
16:04 Wheelbarrow
15:15 Town Watch
15:23 Double-Bit Axe
15:31 Stone Mining
15:32 Gold Mining
15:29 Fishing Lines
17:19 Arson
17:17 Horse Collar
21:59 Scale Mail Armor
22:09 Forging
22:05 Scale Barding Armor
25:27 Fletching
30:40 Castle Age
32:20 Bow Saw
32:11 Heavy Plow
32:51 Stone Shaft Mining
32:51 Gold Shaft Mining
32:12 Hamask
32:47 Gambesons
33:03 Squires
33:23 Hand Cart
35:34 Bodkin Arrow
35:55 Chain Mail Armor
36:56 Chain Mail Armor
37:42 Murder Holes
37:57 Masonry
38:37 Clinker Construction
38:37 Careening
39:20 Town Patrol
41:23 Fervor
45:18 Iron Casting
47:55 Imperial Age
49:02 Conscription
49:30 Hoardings
49:21 Ballistics
50:03 Chemistry
49:59 Bracer
50:31 Plate Mail Armor
Grimor91
12:32 Feudal Age
13:51 Gold Mining
13:53 Stone Mining
14:18 Double-Bit Axe
23:24 Castle Age
24:00 Horse Collar
25:05 Stone Shaft Mining
25:11 Husbandry
25:21 Bloodlines
26:00 Forging
25:50 Scale Mail Armor
25:57 Scale Barding Armor
28:33 Stirrups
30:22 Light Cavalry
34:30 Imperial Age
34:15 Iron Casting
34:01 Chain Barding Armor
34:20 Chain Mail Armor
37:35 Heavy Plow
38:01 Elite Konnik
40:22 Plate Barding Armor
41:37 Blast Furnace
41:08 Plate Mail Armor
42:48 Hussar
43:38 Bagains
jurjur.mobile
7:30 Loom
11:33 Feudal Age
12:21 Man-at-Arms
15:36 Fishing Lines
16:52 Arson
18:08 Forging
17:59 Scale Mail Armor
22:53 Castle Age
24:21 Squires
25:06 Iron Casting
24:46 Chain Mail Armor
29:47 Long Swordsman
33:14 Chieftains
34:05 Gold Mining
37:23 Imperial Age
35:32 Gillnets
35:59 Caravan
38:03 Elite Varangian Guard
39:48 Blast Furnace
39:19 Plate Mail Armor
38:43 Double-Bit Axe
40:40 Bow Saw
43:01 Two-Man Saw
41:25 Two-Handed Swordsman
44:49 Chemistry
43:45 Murder Holes
45:25 Ballistics
44:56 Arrowslits
45:11 Guard Tower
Connection lost

Rejoining the realm…

Still unreachable

The connection could not be restored.

Session expired

The server has moved on; the page needs a fresh start.